HSSL
BROOKLINE HS WARRIORS @ OVERLAND PARK HS TRIPLETS
05/03/2024
 
TOP OF THE 1ST
Brookline HS Warriors batting - Pitching for Overland Park HS Triplets : RHP Jim Grant
Pitching: RHP Jim Grant
Batting: RHB Marcos Liñares 0-0: Ball
1-0: Ball
2-0: Swinging Strike
2-1: Ball
3-1: Base on Balls
Batting: LHB Kel Smith 0-0: Ball
1-0: Foul Ball, location: 2F
1-1: Foul Ball, location: 2F
1-2: Foul Ball, location: 2F
1-2: Foul Ball, location: 2F
1-2: Foul Ball, location: 2F
1-2: Strikes out swinging
Batting: RHB Ray Ervin 0-0: Ball
1-0: Called Strike
1-1: Ball
2-1: Foul Ball, location: 2F
2-2: Foul Ball, location: 2F
2-2: Ground out 5-3 (Groundball, 5)
Marcos Liñares to second
Batting: LHB Howard Holder 0-0: Called Strike
0-1: Foul Ball, location: 2F
0-2: Ball
1-2: Foul Ball, location: 2F
1-2: Ball
2-2: SINGLE (Groundball, 34S)
Marcos Liñares to third
Runner from 3rd tries for Home, SAFE, no throw or cutoff
Batting: RHB Mike Carter 0-0: Foul Ball, location: 2F
0-1: Swinging Strike
0-2: Ball
1-2: Ball
2-2: SINGLE (Line Drive, 7S)
Howard Holder to second
Batting: RHB Phil Moore 0-0: Swinging Strike
0-1: Ball
1-1: Ball
Wild Pitch!
Howard Holder to third
Mike Carter to second
2-1: Fly out, F7 (Flyball, 7M)
Top of the 1st over - 1 run(s), 2 hit(s), 0 error(s), 2 left on base; Brookline HS 1 - Overland Park HS 0
BOTTOM OF THE 1ST
Overland Park HS Triplets batting - Pitching for Brookline HS Warriors : RHP Héctor Fabián
Pitching: RHP Héctor Fabián
Batting: LHB John Washington 0-0: Swinging Strike
0-1: Ball
1-1: SINGLE (Line Drive, 6M)
Batting: LHB Jack Davis 0-0: Ball
1-0: Called Strike
1-1: SINGLE (Groundball, 6MD)
John Washington to second
Batting: RHB Edgardo Morales 0-0: Called Strike
0-1: Called Strike
0-2: Ball
1-2: Ball
2-2: Ball
3-2: Base on Balls
John Washington to third
Jack Davis to second
Batting: RHB Simon Plante 0-0: Ball
1-0: Ball
2-0: Foul Ball, location: 2F
2-1: Swinging Strike
2-2: Foul Ball, location: 2F
2-2: SINGLE (Flyball, 78M)
John Washington scores
Jack Davis to third
Edgardo Morales to second
Runner from 3rd tries for Home, SAFE, throw made home
Batting: RHB T.J. Kaufman 0-0: Called Strike
0-1: Called Strike
0-2: Strikes out swinging
Batting: RHB Ben Simpson 0-0: Called Strike
0-1: Swinging Strike
0-2: Ball
1-2: Foul Ball, location: 2F
1-2: Ball
2-2: Fielders Choice at 2nd, 3-6 (Groundball, 34)
Edgardo Morales to third
Batting: RHB Lorne McClain 0-0: Ball
1-0: Ball
2-0: Ball
3-0: Called Strike
3-1: Base on Balls
Ben Simpson to second
Batting: RHB Preston Church 0-0: Called Strike
0-1: SINGLE (Groundball, 56D)
Edgardo Morales scores
Ben Simpson to third
Lorne McClain to second
Runner from 3rd tries for Home, SAFE, no throw or cutoff
Batting: RHB Nicolas Fillion 0-0: Ball
1-0: Called Strike
1-1: Called Strike
1-2: Ball
Wild Pitch!
Lorne McClain to third
Preston Church to second
2-2: Strikes out swinging
Bottom of the 1st over - 4 run(s), 4 hit(s), 0 error(s), 2 left on base; Brookline HS 1 - Overland Park HS 4
TOP OF THE 2ND
Brookline HS Warriors batting - Pitching for Overland Park HS Triplets : RHP Jim Grant
Batting: SHB Will Allen 0-0: Ball
1-0: Ball
2-0: SINGLE (Line Drive, 6M)
Batting: LHB Cliff Mills 0-0: Called Strike
0-1: Ball
1-1: Ball
2-1: Foul Ball, location: 2F
2-2: Grounds into double play, 4-6-3 (Groundball, 4)
Batting: RHB Bob Bishop 0-0: Called Strike
0-1: Fly out, F8 (Flyball, 8RM)
Top of the 2nd over - 0 run(s), 1 hit(s), 0 error(s), 0 left on base; Brookline HS 1 - Overland Park HS 4
BOTTOM OF THE 2ND
Overland Park HS Triplets batting - Pitching for Brookline HS Warriors : RHP Héctor Fabián
Batting: LHB John Washington 0-0: Called Strike
0-1: Foul Ball, location: 2F
0-2: Ball
1-2: Ball
2-2: SINGLE (Line Drive, 56D)
Batting: LHB Jack Davis 0-0: Ball
1-0: Ball
2-0: Called Strike
2-1: Foul Ball, location: 2F
2-2: Ball
3-2: Strikes out looking
John Washington is caught stealing 2nd base
Batter strikes out.
Batting: RHB Edgardo Morales 0-0: Ball
1-0: Called Strike
1-1: Swinging Strike
1-2: Foul Ball, location: 2F
1-2: Foul Ball, location: 2F
1-2: Ball
2-2: Ball
3-2: Strikes out swinging, 2-3 out at first.
Bottom of the 2nd over - 0 run(s), 1 hit(s), 0 error(s), 0 left on base; Brookline HS 1 - Overland Park HS 4
TOP OF THE 3RD
Brookline HS Warriors batting - Pitching for Overland Park HS Triplets : RHP Jim Grant
Batting: RHB Marcos Liñares 0-0: Ball
1-0: Fly out, F9 (Flyball, 9M)
Batting: LHB Kel Smith 0-0: Foul Ball, location: 2F
0-1: Ball
1-1: Ball
2-1: Called Strike
2-2: Strikes out looking
Batting: RHB Ray Ervin 0-0: Called Strike
0-1: Called Strike
0-2: Ground out 6-3 (Groundball, 6)
Top of the 3rd over - 0 run(s), 0 hit(s), 0 error(s), 0 left on base; Brookline HS 1 - Overland Park HS 4
BOTTOM OF THE 3RD
Overland Park HS Triplets batting - Pitching for Brookline HS Warriors : RHP Héctor Fabián
Batting: RHB Simon Plante 0-0: Called Strike
0-1: Called Strike
0-2: Strikes out looking
Batting: RHB T.J. Kaufman 0-0: Called Strike
0-1: Called Strike
0-2: Ball
1-2: Foul Ball, location: 2F
1-2: Strikes out swinging
Batting: RHB Ben Simpson 0-0: Swinging Strike
0-1: Called Strike
0-2: Ball
1-2: Strikes out swinging
Bottom of the 3rd over - 0 run(s), 0 hit(s), 0 error(s), 0 left on base; Brookline HS 1 - Overland Park HS 4
TOP OF THE 4TH
Brookline HS Warriors batting - Pitching for Overland Park HS Triplets : RHP Jim Grant
Batting: LHB Howard Holder 0-0: Swinging Strike
0-1: Fly out, F7 (Flyball, 7D)
Batting: RHB Mike Carter 0-0: Ball
1-0: Foul Ball, location: 2F
1-1: Ball
2-1: Foul Ball, location: 2F
2-2: Fly out, F5 (Line Drive, 5)
Batting: RHB Phil Moore 0-0: Called Strike
0-1: Swinging Strike
0-2: Ball
1-2: Ball
2-2: Ball
3-2: Hit by Pitch
Batting: SHB Will Allen 0-0: Ball
1-0: Ball
2-0: Ground out 4-3 (Groundball, 34)
Top of the 4th over - 0 run(s), 0 hit(s), 0 error(s), 1 left on base; Brookline HS 1 - Overland Park HS 4
BOTTOM OF THE 4TH
Overland Park HS Triplets batting - Pitching for Brookline HS Warriors : RHP Héctor Fabián
Batting: RHB Lorne McClain 0-0: Called Strike
0-1: Called Strike
0-2: Strikes out swinging
Batting: RHB Preston Church 0-0: Ball
1-0: Ball
2-0: Called Strike
2-1: Fly out, F8 (Flyball, 8LXD)
Batting: RHB Nicolas Fillion 0-0: Ball
1-0: Ball
2-0: Ball
3-0: Base on Balls
Pitching: RHP Keith Feltham
Batting: LHB John Washington 0-0: Ball
1-0: Ball
2-0: Ground out 4-3 (Groundball, 4)
Bottom of the 4th over - 0 run(s), 0 hit(s), 0 error(s), 1 left on base; Brookline HS 1 - Overland Park HS 4
TOP OF THE 5TH
Brookline HS Warriors batting - Pitching for Overland Park HS Triplets : RHP Jim Grant
Batting: LHB Cliff Mills 0-0: Ball
1-0: SINGLE (Line Drive, 78M)
Batting: RHB Bob Bishop 0-0: Called Strike
0-1: Ball
1-1: Foul Ball, location: 2F
1-2: Ball
2-2: Ball
3-2: Base on Balls
Cliff Mills to second
Batting: RHB Marcos Liñares 0-0: SINGLE (Flyball, 9LS)
Cliff Mills to third
Bob Bishop to second
Batting: LHB Kel Smith 0-0: Ball
1-0: Called Strike
1-1: Foul Ball, location: 2F
1-2: SINGLE (Groundball, 34S)
Cliff Mills scores
Bob Bishop to third
Marcos Liñares to second
Runner from 3rd tries for Home, throw and OUT!
Pitching: RHP Ronald Crockett
Batting: RHB Ray Ervin 0-0: Swinging Strike
0-1: Ball
1-1: Swinging Strike
1-2: Ball
2-2: SINGLE (Groundball, 13) (infield hit)
Marcos Liñares to third
Kel Smith to second
Batting: LHB Howard Holder 0-0: Called Strike
0-1: Ball
1-1: Ball
2-1: Grounds into double play, 6-4-3 (Groundball, 6)
Top of the 5th over - 1 run(s), 4 hit(s), 0 error(s), 2 left on base; Brookline HS 2 - Overland Park HS 4
BOTTOM OF THE 5TH
Overland Park HS Triplets batting - Pitching for Brookline HS Warriors : RHP Keith Feltham
Batting: LHB Jack Davis 0-0: Swinging Strike
0-1: Called Strike
0-2: Ball
1-2: Ball
2-2: Foul Ball, location: 2F
2-2: Ball
3-2: Foul Ball, location: 2F
3-2: Strikes out looking
Batting: RHB Edgardo Morales 0-0: Swinging Strike
0-1: Ball
1-1: Ball
2-1: Ball
3-1: Ground out 4-3 (Groundball, 4)
Batting: RHB Simon Plante 0-0: Ball
1-0: Ball
2-0: Ball
3-0: Base on Balls
Batting: RHB T.J. Kaufman 0-0: Ball
1-0: Called Strike
1-1: Ball
2-1: Swinging Strike
2-2: Reached on Error, E8 (Flyball, 8LM)
Simon Plante to third
Batting: RHB Ben Simpson 0-0: Ball
1-0: Fly out, F8 (Flyball, 78M)
Bottom of the 5th over - 0 run(s), 0 hit(s), 1 error(s), 2 left on base; Brookline HS 2 - Overland Park HS 4
TOP OF THE 6TH
Brookline HS Warriors batting - Pitching for Overland Park HS Triplets : RHP Ronald Crockett
Batting: RHB Mike Carter 0-0: Called Strike
0-1: Ball
1-1: Swinging Strike
1-2: Foul Ball, location: 2F
Single, Error in OF, E8, batter to second base
Batting: RHB Phil Moore 0-0: Swinging Strike
0-1: Called Strike
0-2: Strikes out looking
Batting: SHB Will Allen 0-0: Called Strike
0-1: Ball
1-1: Ball
2-1: Foul Ball, location: 2F
2-2: Foul Ball, location: 2F
2-2: Ball
3-2: Strikes out swinging
Batting: LHB Cliff Mills 0-0: Foul Ball, location: 2F
0-1: Ball
1-1: Foul Ball, location: 2F
1-2: Foul Ball, location: 2F
1-2: Reached on error, E4 (Groundball, 4)
Mike Carter to third
Batting: RHB Bob Bishop 0-0: Called Strike
0-1: Ball
1-1: Called Strike
1-2: Ball
2-2: Ball
3-2: Strikes out swinging
Top of the 6th over - 0 run(s), 1 hit(s), 2 error(s), 2 left on base; Brookline HS 2 - Overland Park HS 4
BOTTOM OF THE 6TH
Overland Park HS Triplets batting - Pitching for Brookline HS Warriors : RHP Keith Feltham
Batting: RHB Lorne McClain 0-0: Called Strike
0-1: Ball
1-1: Foul Ball, location: 2F
1-2: Fly out, F4 (Popup, 34)
Batting: RHB Preston Church 0-0: Ball
1-0: Called Strike
1-1: Foul Ball, location: 2F
1-2: Ground out 2-3 (Groundball, 23)
Batting: RHB Nicolas Fillion 0-0: Called Strike
0-1: Ball
1-1: Foul Ball, location: 2F
1-2: Fly out, F4 (Popup, 8LS)
Bottom of the 6th over - 0 run(s), 0 hit(s), 0 error(s), 0 left on base; Brookline HS 2 - Overland Park HS 4
TOP OF THE 7TH
Brookline HS Warriors batting - Pitching for Overland Park HS Triplets : RHP Ronald Crockett
Batting: RHB Marcos Liñares 0-0: Ball
1-0: SINGLE (Groundball, 13) (infield hit)
Pitching: RHP Nacho Ortíz
Batting: LHB Kel Smith 0-0: Ball
1-0: Ball
2-0: Foul Ball, location: 2F
2-1: Foul Ball, location: 2F
2-2: Foul Ball, location: 2F
2-2: Ball
3-2: SINGLE (Line Drive, 8RM)
Marcos Liñares to second
Marcos Liñares to third
Batting: RHB Ray Ervin 0-0: Called Strike
0-1: Ball
1-1: Fly out, F8 (Popup, 8LS)
Batting: LHB Howard Holder 0-0: Fly out, F7 (Line Drive, 7LM)
Runner from 3rd tags up, SCORES, no throw
Batting: RHB Mike Carter 0-0: Ball
1-0: Swinging Strike
1-1: Ball
2-1: SINGLE (Line Drive, 78S)
Kel Smith to second
Batting: RHB Phil Moore 0-0: Swinging Strike
0-1: Swinging Strike
0-2: Ball
1-2: Ball
2-2: Foul Ball, location: 2F
2-2: Ball
3-2: Base on Balls
Kel Smith to third
Mike Carter to second
Batting: SHB Will Allen 0-0: Called Strike
0-1: Foul Ball, location: 2F
0-2: Strikes out swinging
Top of the 7th over - 1 run(s), 3 hit(s), 0 error(s), 3 left on base; Brookline HS 3 - Overland Park HS 4
BOTTOM OF THE 7TH
Overland Park HS Triplets batting - Pitching for Brookline HS Warriors : RHP Keith Feltham
Pitching: RHP Kirby Graham
Batting: LHB John Washington 0-0: Ball
1-0: Called Strike
1-1: Foul Ball, location: 2F
1-2: Ball
2-2: Ground out 4-3 (Groundball, 4)
Batting: LHB Jack Davis 0-0: Fly out, F6 (Popup, 56D)
Batting: RHB Edgardo Morales 0-0: Ball
1-0: Ground out 4-3 (Groundball, 4)
Bottom of the 7th over - 0 run(s), 0 hit(s), 0 error(s), 0 left on base; Brookline HS 3 - Overland Park HS 4
TOP OF THE 8TH
Brookline HS Warriors batting - Pitching for Overland Park HS Triplets : RHP Nacho Ortíz
Batting: LHB Cliff Mills 0-0: Ball
1-0: Ball
2-0: Called Strike
2-1: Ball
3-1: Base on Balls
Pitching: RHP Will Shelley
Batting: RHB Bob Bishop 0-0: Ball
1-0: Called Strike
1-1: Ball
2-1: Swinging Strike
2-2: Fly out, F8 (Flyball, 8RM)
Batting: RHB Marcos Liñares 0-0: Foul Ball, location: 2F
0-1: Ball
1-1: Fly out, F7 (Flyball, 5DF)
Batting: LHB Kel Smith 0-0: Called Strike
0-1: Ball
1-1: Foul Ball, location: 2F
1-2: Ground out 4-3 (Groundball, 13)
Top of the 8th over - 0 run(s), 0 hit(s), 0 error(s), 1 left on base; Brookline HS 3 - Overland Park HS 4
BOTTOM OF THE 8TH
Overland Park HS Triplets batting - Pitching for Brookline HS Warriors : RHP Kirby Graham
Batting: RHB Simon Plante 0-0: Ball
1-0: Swinging Strike
1-1: Ball
2-1: SINGLE (Line Drive, 6MD)
Batting: RHB T.J. Kaufman 0-0: Ball
1-0: Called Strike
1-1: Ball
2-1: Ball
3-1: Base on Balls
Simon Plante to second
Batting: RHB Ben Simpson 0-0: Bunt missed!
0-1: Sac Bunt - play at first, batter OUT! 1-4
Simon Plante to third
T.J. Kaufman to second
Batting: RHB Lorne McClain 0-0: Fly out, F7 (Line Drive, 7M)
Throwing error, E7
Simon Plante scores
T.J. Kaufman to third
Batting: RHB Preston Church 0-0: Called Strike
0-1: Ball
1-1: Ball
2-1: Called Strike
2-2: Strikes out looking
Bottom of the 8th over - 1 run(s), 1 hit(s), 1 error(s), 1 left on base; Brookline HS 3 - Overland Park HS 5
TOP OF THE 9TH
Brookline HS Warriors batting - Pitching for Overland Park HS Triplets : RHP Will Shelley
Pitching: RHP Rafael Luna
Batting: RHB Ray Ervin 0-0: Fly out, F7 (Flyball, 7M)
Batting: LHB Howard Holder 0-0: Ball
1-0: Ball
2-0: Ball
3-0: Called Strike
3-1: Base on Balls
Batting: RHB Mike Carter 0-0: Foul Ball, location: 2F
0-1: Foul Ball, location: 2F
0-2: Fly out, F1 (Line Drive, 13)
0-2: Lined into DP, 1-3 (Line Drive, 13)
Top of the 9th over - 0 run(s), 0 hit(s), 0 error(s), 0 left on base; Brookline HS 3 - Overland Park HS 5
This league is powered by Out of the Park Baseball, the baseball management simulation game for PC, Mac and Linux
Saturday, April 9th, 2016 - OOTP Baseball 16.8 Build 38